 Dungeon Crawl Stone Soup version 0.30.1-11-g7821555f0a (webtiles) character file.

Game seed: 223013418287295584

191 hawla the Firebug (level 6, -2/46 HPs)
             Began as a Meteoran Fire Elementalist on Jan 3, 2024.
             Slain by an orc priest
             ... wielding a +0 flail
              (11 damage)
             ... on level 4 of the Dungeon.
             The game lasted 00:03:45 (554 turns).

hawla the Firebug (Meteoran Fire Elementalist)       Turns: 554, Time: 00:03:45

Health: -2/46      AC:  2    Str: 10    XL:     6   Next: 22%
Magic:  2/13       EV: 13    Int: 19    God:
Gold:   59         SH:  0    Dex: 14    Spells: 11/14 levels left

rFire   . . .        (no weapon)
rCold   . . .        (no shield)
rNeg    . . .        a - +0 robe
rPois   .            (no helmet)
rElec   .            (no cloak)
rCorr   .            (no gloves)
SInv    .            (no boots)
Will    .....        (no amulet)
Stlth   +            (no ring)
HPRegen 0.27/turn    (no ring)
MPRegen 0.13/turn

%: no passive effects
@: brilliant, glowing
A: sense surroundings 1, otherworldly, glowing, explore regen
a: no special abilities


You were on level 4 of the Dungeon.
You visited 1 branch of the dungeon, and saw 5 of its levels.

You collected 59 gold pieces.

Inventory:

Armour
 a - a +0 robe (worn)
Scrolls
 b - a scroll of summoning {unknown}
 c - 3 scrolls of identify {unknown}
 d - a scroll of magic mapping {unknown}
 e - a scroll of amnesia {unknown}
 f - a scroll of blinking {unknown}


   Skills:
 + Level 0.7 Fighting
 + Level 3.3 Dodging
 - Level 1.4 Stealth
 + Level 4.5 Spellcasting
 + Level 2.4 Conjurations
 + Level 5.4 Fire Magic


You had 11 spell levels left.
You knew the following spells:

 Your Spells              Type           Power      Damage    Failure   Level
a - Foxfire               Conj/Fire      100%       2x1d9     2%          1
b - Scorch                Fire           74%        2d8       2%          2

Your spell library contained the following spells:

 Spells                   Type           Power      Damage    Failure   Level
 Inner Flame              Hex/Fire       21%        N/A       13%         3
 Volatile Blastmotes      Fire/Tloc      42%        2d13      13%         3
 Flame Wave               Conj/Fire      28%        2d9       26%         4


Dungeon Overview and Level Annotations

Branches:
Dungeon (5/15) Zot: 2445
 Temple: D:4-7

Altars:


Innate Abilities, Weirdness & Mutations

You passively map a small area around you.
You are easily found by Zot.
You glow in the dark.
You regain HP and MP as you explore.


Message History

Things that are here:
a +0 dagger; a +0 robe; an orc corpse The iguana attacks as you move away!
The iguana bites you! The iguana attacks as you move away!
The iguana barely misses you. The iguana misses you.
The iguana attacks as you move away! The iguana bites you!
The orc priest miscasts a cantrip.
Casting: Foxfire (safe; 2% risk of failure)
Confirm with . or Enter, or press ? or * to list all spells.
You conjure some foxfire!
The iguana barely misses you.
Casting: Foxfire (safe; 2% risk of failure)
Confirm with . or Enter, or press ? or * to list all spells.
You conjure some foxfire!
The foxfire hits the iguana.
The iguana is heavily wounded.
The foxfire hits the iguana but does no damage.
The iguana is heavily wounded.
The iguana misses you.
Casting: Foxfire (safe; 2% risk of failure)
Confirm with . or Enter, or press ? or * to list all spells.
You conjure some foxfire!
The foxfire hits the iguana but does no damage.
The iguana is heavily wounded.
The foxfire hits the iguana but does no damage.
The iguana is heavily wounded.
The kobold hits you with a +0 club. The iguana bites you!
* * * LOW HITPOINT WARNING * * *
It was a potion of brilliance.
You feel clever all of a sudden.
The foxfire hits the iguana.
The iguana is severely wounded.
The foxfire hits the iguana.
The iguana is almost dead.
The iguana closely misses you. The kobold hits you with a +0 club.
* * * LOW HITPOINT WARNING * * *
Casting: Foxfire (safe; 2% risk of failure)
Confirm with . or Enter, or press ? or * to list all spells.
You feel a surge of power!
You conjure some foxfire!
The iguana misses you. The kobold hits you but does no damage.
The orc priest hits you with a +0 flail!
You die...

* * , [.....)...#
, ,
,....#####)..###
,
.............#**
,###..#####.#>#.#
, ,.....# #.#.#.#
, , , ,#...#
#o#.# # ,* ,#...#
#.#.# *
,#v.o####.#.# *
#.@l.....# ,
,##vK###### ,
#....,, , *,
###### , ** , * *
*


You could see an iguana (ally target), an orc priest (ally target) and a kobold.

Vanquished Creatures
  An ogre (D:5)
  A sleepcap (D:5)
  An orc wizard (D:4)
  3 adders
  3 orcs (D:4)
  3 endoplasms
  A giant cockroach (D:3)
  3 goblins
  3 hobgoblins (D:4)
  A kobold (D:1)
  A quokka (D:3)
  4 ball pythons
  2 frilled lizards (D:3)
  2 rats (D:3)
29 creatures vanquished.

Vanquished Creatures (others)
  78 foxfires
78 creatures vanquished.

Grand Total: 107 creatures vanquished

Notes
Turn   | Place    | Note
-------+----------+-------------------------------------------
     0 | D:1      | hawla the Meteoran Fire Elementalist began the quest for
                  | the Orb.
     0 | D:1      | Reached XP level 1. HP: 14/14 MP: 5/5
    67 | D:2      | Reached XP level 2. HP: 20/20 MP: 5/7
    70 | D:2      | Learned a level 2 spell: Scorch
   109 | D:3      | Reached skill level 4 in Fire Magic
   379 | D:3      | Reached XP level 3. HP: 9/26 MP: 2/8
   446 | D:5      | Entered Level 5 of the Dungeon
   450 | D:5      | Reached XP level 4. HP: 33/33 MP: 6/10
   478 | D:5      | Noticed an ogre
   486 | D:5      | Killed an ogre
   487 | D:5      | Reached skill level 5 in Fire Magic
   487 | D:5      | Reached XP level 5. HP: 39/39 MP: 6/12
   487 | D:5      | Reached XP level 6. HP: 46/46 MP: 6/13
   554 | D:4      | Slain by an orc priest

Illustrated notes

Levels and vault maps discovered:
D:1:      lightli_arrival_statue_moat, layout_loops_ring
D:2:      layout_basic
D:3:      layout_rooms, roderic_lattice_a
D:4:      layout_loops_ring, grunt_temple_overflow_open, serial_shops, shop,
          uniq_blork_the_orc, uniq_crazy_yiuf_cottage
D:5:      layout_basic

Skill      XL: |  1  2  3  4 |
---------------+-------------+-----
Spellcasting   | 3 4 |  4.5
Fire Magic     | 4 5 |  5.4
Dodging        | 3 |  3.3
Conjurations   | 2 |  2.4
Fighting       | |  0.7
Stealth        | |  1.4

Action                     |  1- 3 |  4- 6 || total
---------------------------+-------+-------++-------
  Melee: Unarmed           |     3 |       ||     3
   Cast: Foxfire           |    30 |    16 ||    46
         Scorch            |       |     8 ||     8
    Use: Potion            |       |     2 ||     2
 Armour: Robe              |     4 |     2 ||     6
  Dodge: Dodged            |    19 |    11 ||    30
